TOP OF THE 1ST |
Houston BC batting - Pitching for Phoenix Hotspur Reserves : RHP Prince Nakamura
|
Pitching: RHP Prince Nakamura
|
|
Batting: RHB Habbo Allaart
|
0-0: Called Strike 0-1: Swinging Strike 0-2: Ball 1-2: Ball 2-2: Ground out 3-1 (Groundball, 34S)
|
Batting: RHB Albert Delgado
|
0-0: Swinging Strike 0-1: Foul Ball, location: 2F 0-2: Foul Ball, location: 2F 0-2: Ball 1-2: Fly out, F6 (Line Drive, 6)
|
Batting: SHB Carlos Kramer
|
0-0: DOUBLE (Line Drive, 9LM)
|
Batting: RHB Miguel Morán
|
0-0: Called Strike 0-1: Ball 1-1: Called Strike 1-2: Ball 2-2: Ground out 1-3 (Groundball, 13S)
|
Top of the 1st over - 0 run(s), 1 hit(s), 0 error(s), 1 left on base; Houston 0 - Phoenix 0 |
BOTTOM OF THE 1ST |
Phoenix Hotspur Reserves batting - Pitching for Houston BC : RHP Millard Taylor
|
Pitching: RHP Millard Taylor
|
|
Batting: RHB Wilson Castillo
|
0-0: Foul Ball, location: 2F 0-1: Foul Ball, location: 2F 0-2: Foul Ball, location: 2F 0-2: Ball 1-2: Ball 2-2: SINGLE (Line Drive, 6MD)
|
Batting: RHB Hiwahikeiki Noelani
|
0-0: Ball 1-0: Called Strike 1-1: Ball 2-1: Reached on error, E1 (Groundball, 15S) Wilson Castillo to second
|
Batting: RHB Alex Niemann
|
0-0: Ball 1-0: Called Strike 1-1: Fly out, F9 (Flyball, 9LM)
|
Batting: RHB Júlio Mateo
|
0-0: Called Strike 0-1: Ball 1-1: Ball 2-1: Ball 3-1: Foul Ball, location: 2F 3-2: Base on Balls Wilson Castillo to third Hiwahikeiki Noelani to second
|
Batting: SHB Jesús González
|
0-0: Foul Ball, location: 2F 0-1: Swinging Strike 0-2: Ball 1-2: Ball 2-2: Ground out 3-1 (Groundball, 3D) Wilson Castillo scores Hiwahikeiki Noelani to third Júlio Mateo to second
|
Batting: RHB John Moore
|
0-0: Ball 1-0: Fly out, F8 (Flyball, 8RM)
|
Bottom of the 1st over - 1 run(s), 1 hit(s), 1 error(s), 2 left on base; Houston 0 - Phoenix 1 |
TOP OF THE 2ND |
Houston BC batting - Pitching for Phoenix Hotspur Reserves : RHP Prince Nakamura
|
Batting: RHB Ludovico Trezza
|
0-0: Ball 1-0: Fly out, F4 (Line Drive, 4)
|
Batting: RHB António Sánchez
|
0-0: Ball 1-0: Ball 2-0: Foul Ball, location: 2F 2-1: Foul Ball, location: 2F 2-2: Fly out, F9 (Flyball, 9LM)
|
Batting: RHB Rodney Hanna
|
0-0: Ball 1-0: Called Strike 1-1: Ball 2-1: Fly out, F9 (Line Drive, 9S)
|
Top of the 2nd over - 0 run(s), 0 hit(s), 0 error(s), 0 left on base; Houston 0 - Phoenix 1 |
BOTTOM OF THE 2ND |
Phoenix Hotspur Reserves batting - Pitching for Houston BC : RHP Millard Taylor
|
Batting: RHB Marc Meertens
|
0-0: Called Strike 0-1: Called Strike 0-2: Fly out, F8 (Flyball, 78M)
|
Batting: RHB Javier González
|
0-0: Swinging Strike 0-1: Foul Ball, location: 2F 0-2: Ball 1-2: Foul Ball, location: 2F 1-2: Fly out, F4 (Popup, 34)
|
Batting: RHB Jesús Álvarez
|
0-0: Called Strike 0-1: Fly out, F8 (Flyball, 8LM)
|
Bottom of the 2nd over - 0 run(s), 0 hit(s), 0 error(s), 0 left on base; Houston 0 - Phoenix 1 |
TOP OF THE 3RD |
Houston BC batting - Pitching for Phoenix Hotspur Reserves : RHP Prince Nakamura
|
Batting: RHB Marvin Hayes
|
0-0: Foul Ball, location: 2F 0-1: Called Strike 0-2: Ball 1-2: Strikes out swinging
|
Batting: RHB Bobby Buck
|
0-0: Called Strike 0-1: Foul Ball, location: 2F 0-2: DOUBLE (Flyball, 8LD)
|
Batting: RHB Habbo Allaart
|
0-0: Ground out 4-3 (Groundball, 34) Bobby Buck to third
|
Batting: RHB Albert Delgado
|
0-0: Ball 1-0: Fly out, F5 (Popup, 5D)
|
Top of the 3rd over - 0 run(s), 1 hit(s), 0 error(s), 1 left on base; Houston 0 - Phoenix 1 |
BOTTOM OF THE 3RD |
Phoenix Hotspur Reserves batting - Pitching for Houston BC : RHP Millard Taylor
|
Batting: RHB Wilson Castillo
|
0-0: Ground out 6-3 (Groundball, 6)
|
Batting: RHB Hiwahikeiki Noelani
|
0-0: Ball 1-0: Foul Ball, location: 2F 1-1: Foul Ball, location: 2F 1-2: Ball 2-2: Fly out, F8 (Flyball, 89S)
|
Batting: RHB Alex Niemann
|
0-0: Ball 1-0: Ground out 6-3 (Groundball, 6)
|
Bottom of the 3rd over - 0 run(s), 0 hit(s), 0 error(s), 0 left on base; Houston 0 - Phoenix 1 |
TOP OF THE 4TH |
Houston BC batting - Pitching for Phoenix Hotspur Reserves : RHP Prince Nakamura
|
Batting: SHB Carlos Kramer
|
0-0: Called Strike 0-1: Ball 1-1: Swinging Strike 1-2: Strikes out swinging
|
Batting: RHB Miguel Morán
|
0-0: SINGLE (Groundball, 6MD)
|
Batting: RHB Ludovico Trezza
|
0-0: Ball 1-0: Ball 2-0: Called Strike 2-1: Ground out 5-3 (Groundball, 5S) Miguel Morán to second
|
Batting: RHB António Sánchez
|
0-0: Swinging Strike 0-1: Foul Ball, location: 2F 0-2: Foul Ball, location: 2F 0-2: Foul Ball, location: 2F 0-2: Ball 1-2: SINGLE (Line Drive, 4D) Miguel Morán to third Runner from 3rd tries for Home, SAFE, no throw
|
Batting: RHB Rodney Hanna
|
0-0: Called Strike António Sánchez steals 2nd base 0-1: Called Strike 0-2: Ball 1-2: Ball 2-2: Ball 3-2: SINGLE (Groundball, 4MS) (infield hit) António Sánchez to third
|
Batting: RHB Marvin Hayes
|
0-0: SINGLE (Groundball, 6) (infield hit) António Sánchez scores Rodney Hanna to second
|
Batting: RHB Bobby Buck
|
0-0: Ball 1-0: Ball 2-0: Fielders Choice at 2nd, 4-6 (Groundball, 4)
|
Top of the 4th over - 2 run(s), 4 hit(s), 0 error(s), 1 left on base; Houston 2 - Phoenix 1 |
BOTTOM OF THE 4TH |
Phoenix Hotspur Reserves batting - Pitching for Houston BC : RHP Millard Taylor
|
Batting: RHB Júlio Mateo
|
0-0: Ball 1-0: Ball 2-0: Ball 3-0: Base on Balls
|
Batting: SHB Jesús González
|
0-0: Ball 1-0: Ball 2-0: Ball 3-0: Called Strike 3-1: Foul Ball, location: 2F 3-2: Grounds into double play, 5-4-3 (Groundball, 56)
|
Batting: RHB John Moore
|
0-0: Swinging Strike 0-1: Swinging Strike 0-2: Ball 1-2: Ball 2-2: Fly out, F8 (Flyball, 89D)
|
Bottom of the 4th over - 0 run(s), 0 hit(s), 0 error(s), 0 left on base; Houston 2 - Phoenix 1 |
TOP OF THE 5TH |
Houston BC batting - Pitching for Phoenix Hotspur Reserves : RHP Prince Nakamura
|
Batting: RHB Habbo Allaart
|
0-0: Ball 1-0: Ball 2-0: Called Strike 2-1: Ball 3-1: Ground out 6-3 (Groundball, 56)
|
Batting: RHB Albert Delgado
|
0-0: Ball 1-0: Fly out, F7 (Line Drive, 7D)
|
Batting: SHB Carlos Kramer
|
0-0: Called Strike 0-1: Ball 1-1: Called Strike 1-2: SINGLE (Line Drive, 7S)
|
Batting: RHB Miguel Morán
|
0-0: Called Strike 0-1: Ball 1-1: Ball 2-1: Ball 3-1: Foul Ball, location: 2F 3-2: Fly out, F9 (Flyball, 89S)
|
Top of the 5th over - 0 run(s), 1 hit(s), 0 error(s), 1 left on base; Houston 2 - Phoenix 1 |
BOTTOM OF THE 5TH |
Phoenix Hotspur Reserves batting - Pitching for Houston BC : RHP Millard Taylor
|
Batting: RHB Marc Meertens
|
0-0: Called Strike 0-1: Ball 1-1: Ball 2-1: Ball 3-1: Reached on error, E7 (Flyball, 7D)
|
Batting: RHB Javier González
|
0-0: Ball 1-0: Ball 2-0: Foul Ball, location: 2F 2-1: Sac Bunt - play at first, batter OUT! 1-3 Marc Meertens to third
|
Batting: RHB Jesús Álvarez
|
0-0: Ball 1-0: Ball 2-0: Called Strike 2-1: Fly out, F8 (Flyball, 78M) Runner from 3rd tags up, SCORES, no throw
|
Batting: RHB Wilson Castillo
|
0-0: Called Strike 0-1: Ball 1-1: Foul Ball, location: 2F 1-2: Ball 2-2: Foul Ball, location: 2F 2-2: Ball 3-2: Base on Balls
|
Batting: RHB Hiwahikeiki Noelani
|
0-0: Ball Wilson Castillo steals 2nd base 1-0: Foul Ball, location: 2F 1-1: Ball 2-1: Ball 3-1: Fly out, F7 (Flyball, 7S)
|
Bottom of the 5th over - 1 run(s), 0 hit(s), 1 error(s), 1 left on base; Houston 2 - Phoenix 2 |
TOP OF THE 6TH |
Houston BC batting - Pitching for Phoenix Hotspur Reserves : RHP Prince Nakamura
|
Batting: RHB Ludovico Trezza
|
0-0: Ball 1-0: Ball 2-0: Ball 3-0: Called Strike 3-1: Called Strike 3-2: Foul Ball, location: 2F 3-2: SINGLE (Line Drive, 7S)
|
Batting: RHB António Sánchez
|
0-0: Bunted foul 0-1: Ball 1-1: Sac Bunt - play at first, batter OUT! 2-4 Ludovico Trezza to second
|
Batting: RHB Rodney Hanna
|
0-0: Ball 1-0: Called Strike 1-1: Foul Ball, location: 2F 1-2: Ball 2-2: Foul Ball, location: 2F 2-2: Ball 3-2: Ground out 4-3 (Groundball, 34) Ludovico Trezza to third
|
Pitching: RHP Craig Gasnier
|
|
Batting: RHB Marvin Hayes
|
0-0: Ball 1-0: Called Strike 1-1: Foul Ball, location: 2F 1-2: Foul Ball, location: 2F 1-2: Ball 2-2: Strikes out swinging
|
Top of the 6th over - 0 run(s), 1 hit(s), 0 error(s), 1 left on base; Houston 2 - Phoenix 2 |
BOTTOM OF THE 6TH |
Phoenix Hotspur Reserves batting - Pitching for Houston BC : RHP Millard Taylor
|
Batting: RHB Alex Niemann
|
0-0: Ball 1-0: Ball 2-0: Swinging Strike 2-1: Ball 3-1: SINGLE (Groundball, P) (infield hit)
|
Batting: RHB Júlio Mateo
|
0-0: Called Strike 0-1: Swinging Strike 0-2: Fly out, F7 (Flyball, 7D)
|
Batting: SHB Jesús González
|
0-0: Ball 1-0: Ball 2-0: Ball 3-0: Base on Balls Alex Niemann to second
|
Batting: RHB John Moore
|
0-0: Reached on error, E6 (Groundball, 6) Alex Niemann to third Jesús González to second
|
Batting: RHB Marc Meertens
|
0-0: Ball 1-0: Called Strike 1-1: Ball 2-1: Swinging Strike 2-2: Strikes out looking
|
Pitching: RHP António Ybarra
|
|
Batting: RHB Javier González
|
0-0: Ball 1-0: Foul Ball, location: 2F 1-1: Ball 2-1: Fly out, F6 (Line Drive, 6)
|
Bottom of the 6th over - 0 run(s), 1 hit(s), 1 error(s), 3 left on base; Houston 2 - Phoenix 2 |
TOP OF THE 7TH |
Houston BC batting - Pitching for Phoenix Hotspur Reserves : RHP Craig Gasnier
|
Batting: RHB Bobby Buck
|
0-0: Ball 1-0: Swinging Strike 1-1: Swinging Strike 1-2: Ball 2-2: Foul Ball, location: 2F 2-2: Strikes out swinging, 2-3 out at first.
|
Batting: RHB Habbo Allaart
|
0-0: Swinging Strike 0-1: Foul Ball, location: 2F 0-2: Ball 1-2: Foul Ball, location: 2F 1-2: Strikes out swinging
|
Pinch Hitting: LHB Raúl Trevino
|
0-0: Ball 1-0: Swinging Strike 1-1: Ball 2-1: Fly out, F8 (Flyball, 8LS)
|
Top of the 7th over - 0 run(s), 0 hit(s), 0 error(s), 0 left on base; Houston 2 - Phoenix 2 |
BOTTOM OF THE 7TH |
Phoenix Hotspur Reserves batting - Pitching for Houston BC : RHP António Ybarra
|
Now in LF: Raúl Trevino
|
|
Batting: RHB Jesús Álvarez
|
0-0: SINGLE (Groundball, 34D)
|
Batting: RHB Wilson Castillo
|
0-0: Called Strike 0-1: Sac Bunt - play at first, batter OUT! 1-4 Jesús Álvarez to second
|
Batting: RHB Hiwahikeiki Noelani
|
0-0: Ball 1-0: Called Strike 1-1: Foul Ball, location: 2F 1-2: Ball 2-2: SINGLE (Groundball, 56) (infield hit) Jesús Álvarez to third
|
Batting: RHB Alex Niemann
|
0-0: Ball 1-0: Ball 2-0: Ball 3-0: Base on Balls Hiwahikeiki Noelani to second
|
Batting: RHB Júlio Mateo
|
0-0: Swinging Strike 0-1: Ball 1-1: Foul Ball, location: 2F 1-2: Ball 2-2: Strikes out swinging
|
Batting: SHB Jesús González
|
0-0: Called Strike 0-1: Fly out, F8 (Flyball, 89M)
|
Bottom of the 7th over - 0 run(s), 2 hit(s), 0 error(s), 3 left on base; Houston 2 - Phoenix 2 |
TOP OF THE 8TH |
Houston BC batting - Pitching for Phoenix Hotspur Reserves : RHP Craig Gasnier
|
Pitching: RHP Pat McCormick
|
|
Batting: SHB Carlos Kramer
|
0-0: Foul Ball, location: 2F 0-1: Fly out, F9 (Flyball, 9S)
|
Batting: RHB Miguel Morán
|
0-0: Ball 1-0: Swinging Strike 1-1: SINGLE (Groundball, 56D)
|
Pinch Hitting: LHB Jim Unknown
|
0-0: Ball 1-0: Ball 2-0: Ground out 6-3 (Groundball, 6MD) Miguel Morán to second
|
Pinch Hitting: LHB Jim Unknown
|
0-0: Called Strike 0-1: Swinging Strike 0-2: Ball 1-2: Ball 2-2: Ball 3-2: Foul Ball, location: 2F 3-2: Strikes out swinging
|
Top of the 8th over - 0 run(s), 1 hit(s), 0 error(s), 1 left on base; Houston 2 - Phoenix 2 |
BOTTOM OF THE 8TH |
Phoenix Hotspur Reserves batting - Pitching for Houston BC : RHP António Ybarra
|
Now at 1B: Alfredo Rivera
|
|
Now at 2B: Joseph Gray
|
|
Batting: RHB John Moore
|
0-0: Ball 1-0: Ball 2-0: Fly out, F8 (Flyball, 8RS)
|
Batting: RHB Marc Meertens
|
0-0: Called Strike 0-1: Ball 1-1: Ball 2-1: Fly out, F9 (Flyball, 9LS)
|
Batting: RHB Javier González
|
0-0: Fly out, F8 (Flyball, 8LM)
|
Bottom of the 8th over - 0 run(s), 0 hit(s), 0 error(s), 0 left on base; Houston 2 - Phoenix 2 |
TOP OF THE 9TH |
Houston BC batting - Pitching for Phoenix Hotspur Reserves : RHP Pat McCormick
|
Pitching: RHP Adam Garrison
|
|
Batting: RHB Rodney Hanna
|
0-0: Ground out 5-3 (Groundball, 56)
|
Batting: RHB Marvin Hayes
|
0-0: Called Strike 0-1: Called Strike 0-2: Ball 1-2: Strikes out swinging
|
Pinch Hitting: RHB Jesús Villalba
|
0-0: Ball 1-0: Called Strike 1-1: Ball 2-1: Swinging Strike 2-2: Strikes out swinging
|
Top of the 9th over - 0 run(s), 0 hit(s), 0 error(s), 0 left on base; Houston 2 - Phoenix 2 |
BOTTOM OF THE 9TH |
Phoenix Hotspur Reserves batting - Pitching for Houston BC : RHP António Ybarra
|
Now at C: Steffen Taylor
|
|
Pinch Hitting: SHB Roberto López
|
0-0: SINGLE (Flyball, 4MD)
|
Pinch Hitting: RHB Jesús Mejía
|
0-0: Called Strike 0-1: Ball 1-1: Foul Ball, location: 2F 1-2: Ball 2-2: Ball 3-2: Fly out, F7 (Line Drive, 78D)
|
Batting: RHB Hiwahikeiki Noelani
|
0-0: Ball 1-0: Called Strike 1-1: Called Strike 1-2: Ball 2-2: Fielders Choice at 2nd, 6-4 (Groundball, 56)
|
Batting: RHB Alex Niemann
|
0-0: Ball 1-0: Called Strike 1-1: Ball 2-1: Foul Ball, location: 2F 2-2: Ball 3-2: Foul Ball, location: 2F 3-2: 2-RUN HOME RUN (Flyball, 7D), Distance : 385 ft
|
Friday, December 30th, 2016 - OOTP Baseball 17.12 Build 75
|
|